 Dungeon Crawl Stone Soup version 0.27.1-33-g824d729ab1 (webtiles) character file.

Game seed: 16442047209604048813

114 zeram the Sneak (level 4, -3/21 HPs)
             Began as a Spriggan Enchanter on Nov 27, 2021.
             Slain by a black bear (11 damage)
             ... on level 4 of the Dungeon.
             The game lasted 00:08:50 (4819 turns).

zeram the Sneak (Spriggan Enchanter)                Turns: 4819, Time: 00:08:52

Health: -3/21      AC:  3    Str:  4      XL:     4   Next: 67%
Magic:  9/19       EV: 17    Int: 16 (17) God:
Gold:   161        SH:  0    Dex: 13 (15) Spells: 0/9 levels left

rFire    . . .     SeeInvis +   a - +1 dagger
rCold    . . .     Faith    .   (shield restricted)
rNeg     . . .     Spirit   .   b - +1 robe
rPois    .         Reflect  .   (helmet restricted)
rElec    .         Harm     .   (no cloak)
rCorr    .         Rampage  .   (gloves unavailable)
Will     .....                  (boots unavailable)
Stlth    +++.......             (no amulet)
HPRegen  0.07/turn              i - ring of magical power
MPRegen  0.16/turn              (no ring)

@: very quick
A: very small, no large weapons, unfitting armour, see invisible, speed 3
a: no special abilities


You were on level 4 of the Dungeon.
You visited 1 branch of the dungeon, and saw 4 of its levels.

You collected 161 gold pieces.

Inventory:

Hand Weapons
 a - a +1 dagger (weapon)
Armour
 b - a +1 robe (worn)
Jewellery
 i - a ring of magical power (left hand)
Scrolls
 c - a scroll of magic mapping
 e - a scroll of fear {unknown}
Potions
 d - a potion of mutation
 f - a potion of curing
 g - a potion of invisibility {unknown}
 h - a potion of resistance {unknown}


   Skills:
 - Level 1.1 Short Blades
 + Level 3.2 Dodging
 * Level 6.8 Stealth
 + Level 3.3 Spellcasting
 + Level 4.2 Hexes
 - Level 0.6 Ice Magic


You couldn't memorise any spells.
You knew the following spells:

 Your Spells              Type           Power      Damage    Failure   Level
a - Corona                Hex            17%        N/A       3%          1
b - Ensorcelled Hibernat  Hex/Ice        20%        N/A       10%         2
c - Tukima's Dance        Hex            16%        N/A       10%         3
d - Dazzling Flash        Conj/Hex       18%        N/A       22%         3

Your spell library contained the following spells:

 Spells                   Type           Power      Damage    Failure   Level
 Confusing Touch          Hex            16%        N/A       10%         3
 Ignite Poison            Fire/Tmut/Pois 2%         N/A       47%         3
 Mephitic Cloud           Conj/Pois/Air  2%         N/A       47%         3
 Bolt of Magma            Conj/Fire/Erth 1%         4d4       99%         5


Dungeon Overview and Level Annotations

Branches:
Dungeon (4/15)
 Temple: D:4-7

Altars:
Makhleb
Trog


Innate Abilities, Weirdness & Mutations

You are very small and have problems with some larger weapons.
You are too small for most types of armour.
You have supernaturally acute eyesight. (SInv)
You cover ground extremely quickly. (Speed+++)


Message History

Press: ? - help, Shift-Dir - straight line, f/p - black bear
Aim: a black bear (chance to affect: 41%)
The black bear resists with some effort.
Casting: Ensorcelled Hibernation (safe; 10% risk of failure)
Confirm with . or Enter, or press ? or * to list all spells.
Aiming: Ensorcelled Hibernation (safe; 10% risk of failure)
Press: ? - help, Shift-Dir - straight line, f/p - black bear
Aim: a black bear (chance to affect: 41%)
The black bear looks drowsy...
There is a stone staircase leading down here.
The helpless black bear fails to defend itself.
You impale the black bear!!
The black bear is almost dead.
The black bear goes berserk!
You barely miss the black bear.
The black bear is almost dead.
The black bear misses you.
The black bear claws you but does no damage.
The black bear misses you.
Your magical contamination has completely faded away.
You barely miss the black bear.
The black bear is almost dead.
The black bear barely misses you. The black bear completely misses you.
The black bear claws you but does no damage.
The black bear bites you. The black bear closely misses you.
The black bear barely misses you.
You barely miss the black bear.
The black bear is almost dead.
The black bear bites you. The black bear misses you. The black bear claws you.
You hit the black bear.
The black bear is almost dead.
The black bear completely misses you. The black bear claws you.
The black bear barely misses you.
You hit the black bear.
The black bear is almost dead.
The black bear completely misses you.
The black bear claws you but does no damage.
The black bear misses you. The black bear bites you!
Ouch! That really hurt!
You die...

#..# #.# #..#
###.## # #..#
#....# #.#..#
#.#### #.#..#
#.# .... #.#
#.####.#
..#.###......#
.......@######
###.###h# #.#
#.# #.# ..#
#.# ###


You could see a black bear (berserk).

Vanquished Creatures
  2 gnolls
  4 adders (D:2)
  A dart slug (D:1)
  3 orcs (D:3)
  6 bats
  4 endoplasms
  3 giant cockroaches
  2 goblins
  3 hobgoblins
  6 jackals (D:3)
  2 quokkas
  8 ball pythons
  2 frilled lizards
  3 kobolds
  7 rats
56 creatures vanquished.

Vanquished Creatures (others)
  3 plants (D:2)
3 creatures vanquished.

Grand Total: 59 creatures vanquished

Notes
Turn   | Place    | Note
-------+----------+-------------------------------------------
     0 | D:1      | zeram the Spriggan Enchanter began the quest for the Orb.
     0 | D:1      | Reached XP level 1. HP: 9/9 MP: 5/5
   453 | D:1      | Reached XP level 2. HP: 13/13 MP: 6/6
   474 | D:1      | Reached skill level 5 in Stealth
   646 | D:1      | Learned a level 2 spell: Ensorcelled Hibernation
   855 | D:1      | Found a faded altar of an unknown god.
  1282 | D:1      | Reached XP level 3. HP: 16/16 MP: 5/8
  1311 | D:1      | Learned a level 3 spell: Tukima's Dance
  1641 | D:2      | Reached skill level 6 in Stealth
  1803 | D:2      | Found a burning altar of Makhleb.
  2586 | D:2      | Reached XP level 4. HP: 21/21 MP: 9/9
  2873 | D:2      | Learned a level 3 spell: Dazzling Flash
  4310 | D:3      | Found a bloodstained altar of Trog.
  4800 | D:4      | Noticed a black bear
  4819 | D:4      | Slain by a black bear

Illustrated notes

Levels and vault maps discovered:
D:1:      saegor_arrival_miasma, layout_basic,
          hellmonk_ecumenical_altar_inner_sanctum
D:2:      layout_rooms, basic_altar, serial_forest,
          infiniplex_forest_clump_medium, infiniplex_forest_straight_2,
          infiniplex_forest_lined_2, infiniplex_forest_lined_corner,
          infiniplex_forest_split, infiniplex_forest_lined_2,
          infiniplex_forest_end_2, infiniplex_forest_zigzag_2,
          infiniplex_forest_lined_corner, chequers_serial_rivers_small_3
D:3:      layout_loops_corners, lightli_temple_of_fire
D:4:      minmay_polygon_palace, layout_basic

Skill      XL: |  1  2  3 |
---------------+----------+-----
Stealth        | 5 6 |  6.8
Hexes          | 4 |  4.2
Spellcasting   | 3 |  3.3
Dodging        | 3 |  3.2
Short Blades   | |  1.1
Ice Magic      | |  0.6

Action                   |  1- 3 |  4- 6 || total
-------------------------+-------+-------++-------
Melee: Dagger            |   109 |    88 ||   197
 Cast: Corona            |     4 |       ||     4
       Ensorcelled Hiber |    22 |    28 ||    50
  Use: Scroll            |     2 |     3 ||     5
       Potion            |     3 |       ||     3
 Stab: Sleeping          |    23 |    19 ||    42
Armor: Robe              |    15 |    10 ||    25
       Skin              |    10 |       ||    10
Dodge: Dodged            |   111 |    81 ||   192
